 Dungeon Crawl Stone Soup version 0.21.1-1-g345015f (webtiles) character file.

560 empire the Slasher (level 7, -1/61 HPs)
             Began as a Minotaur Fighter on May 25, 2018.
             Slain by empire's ghost (9 damage)
             ... on level 4 of the Dungeon.
             The game lasted 00:04:32 (2398 turns).

empire the Slasher (Minotaur Fighter)               Turns: 2398, Time: 00:04:32

Health: -1/61      AC:  7    Str: 22    XL:     7   Next: 9%
Magic:  6/6        EV: 12    Int:  5    God:
Gold:   145        SH: 10    Dex: 15    Spells: 6/6 levels left

rFire    . . .     SeeInvis .   a - +0 long sword
rCold    . . .     Gourm    .   c - +0 shield
rNeg     . . .     Faith    .   b - +0 scale mail
rPois    +         Spirit   .   (helmet restricted)
rElec    .         Reflect  .   (no cloak)
rCorr    .         Harm     .   (no gloves)
MR       .....                  (no boots)
Stlth    +.........             (no amulet)
HPRegen  0.20/turn              o - ring of poison resistance
MPRegen  0.10/turn              (no ring)

@: agile
A: retaliatory headbutt, horns 2
a: no special abilities


You were on level 4 of the Dungeon.
You were not hungry.

You visited 1 branch of the dungeon, and saw 4 of its levels.

You collected 145 gold pieces.

Inventory:

Hand Weapons
 a - a +0 long sword (weapon)
Armour
 b - a +0 scale mail (worn)
 c - a +0 shield (worn)
 u - a cursed +0 ring mail
Jewellery
 o - a ring of poison resistance (left hand)
Scrolls
 e - a scroll of fear {unknown}
 g - 2 scrolls of identify {unknown}
 h - 2 scrolls of blinking {unknown}
 i - a scroll of amnesia {unknown}
 l - a scroll of enchant weapon {unknown}
 m - 4 scrolls of teleportation {unknown}
 q - a scroll of enchant armour {unknown}
 r - a scroll of remove curse {unknown}
Potions
 d - a potion of might
 j - a potion of agility
 k - 3 potions of curing {unknown}
 n - a potion of degeneration {unknown}
 p - a potion of berserk rage {unknown}
 t - a potion of flight {unknown}
Comestibles
 f - 6 rations
 s - 11 chunks of flesh


   Skills:
 + Level 5.1 Fighting
 - Level 7.1 Long Blades
 - Level 6.0 Armour
 - Level 3.6 Shields


You had 6 spell levels left.
You didn't know any spells.

Dungeon Overview and Level Annotations

Branches:
Dungeon (4/15)
 Temple: D:4-7

Altars:
Nemelex Xobeh

Annotations:
D:4 empire's ghost, amateur MiFi


Innate Abilities, Weirdness & Mutations

You reflexively headbutt those who attack you in melee.
You have a pair of horns on your head.


Message History

Empire's ghost is heavily damaged.
Empire's ghost hits you.
You slash empire's ghost!
Empire's ghost is severely damaged.
You block empire's ghost's attack. Empire's ghost hits you!
You hit empire's ghost but do no damage.
You headbutt empire's ghost, but do no damage.
Empire's ghost is severely damaged.
Empire's ghost hits you!
You hit empire's ghost but do no damage.
Your headbutt misses empire's ghost.
Empire's ghost is severely damaged.
Empire's ghost hits you.
The orc priest invokes the aid of Beogh against you.
Beogh smites you!
* * * LOW HITPOINT WARNING * * *
It was a potion of agility.
You feel agile all of a sudden. Empire's ghost hits you!
You die...

...........# .
...........# ..
...........# ...
....o......# ..o.
........o..##.....
.......l(ooo......
...###.##Z######
#..#W# ##.#@# #.#.#
#...# ##..#
#.#####..#######
#..[............
###########..######
#.......# #.>.....#
##'#####.#
#######.#######


You could see an orc warrior, an orc priest, empire's ghost, an orc and a
centaur skeleton.

Vanquished Creatures
  The ghost of olivier the Cudgeler, a novice GrFi (D:3)
  A sky beast (D:2)
  An orc priest (D:4)
  An orc wizard (D:4)
  A worker ant (D:3)
  6 adders
  An ooze (D:1)
  2 worms (D:2)
  5 dart slugs
  3 leopard geckos
  4 orcs (D:4)
  4 giant cockroaches
  12 goblins
  4 hobgoblins
  A quokka (D:2)
  2 bats
  5 frilled lizards
  6 kobolds
  7 rats
67 creatures vanquished.

Notes
Turn   | Place    | Note
-------+----------+-------------------------------------------
     0 | D:1      | empire the Minotaur Fighter began the quest for the Orb.
     0 | D:1      | Reached XP level 1. HP: 19/19 MP: 0/0
   101 | D:1      | Reached skill level 3 in Long Blades
   105 | D:1      | Reached XP level 2. HP: 26/26 MP: 1/1
   388 | D:1      | Reached XP level 3. HP: 29/31 MP: 2/2
   836 | D:2      | Reached skill level 4 in Long Blades
  1292 | D:2      | Found a sparkling altar of Nemelex Xobeh.
  1296 | D:2      | Found a transporter.
  1297 | D:2      | Noticed a sky beast
  1321 | D:2      | Killed a sky beast
  1321 | D:2      | Reached skill level 5 in Long Blades
  1321 | D:2      | Reached skill level 5 in Armour
  1321 | D:2      | Reached XP level 4. HP: 20/39 MP: 3/3
  1321 | D:2      | Reached XP level 5. HP: 23/45 MP: 4/4
  1811 | D:3      | Noticed olivier's ghost (novice GrFi)
  1824 | D:3      | Killed olivier's ghost
  1824 | D:3      | Reached skill level 7 in Long Blades
  1824 | D:3      | Reached XP level 6. HP: 29/51 MP: 5/5
  2340 | D:4      | Reached XP level 7. HP: 41/60 MP: 6/6
  2373 | D:4      | Noticed empire's ghost (amateur MiFi)
  2382 | D:4      | Reached skill level 5 in Fighting
  2398 | D:4      | Slain by empire's ghost

Skill      XL: |  1  2  3  4  5  6  7 |
---------------+----------------------+-----
Long Blades    | 3 5 7 |  7.1
Armour         | 4 5 6 |  6.0
Fighting       | 4 5 |  5.1
Shields        | |  3.6

Action                   |  1- 3 |  4- 6 |  7- 9 || total
-------------------------+-------+-------+-------++-------
Melee: Long sword        |    85 |    66 |    19 ||   170
       Headbutt          |    16 |    14 |     6 ||    36
  Use: Potion            |       |     1 |     1 ||     2
  Eat: Chunk             |     1 |     4 |       ||     5
Armor: Scale mail        |    25 |    17 |     6 ||    48
Dodge: Dodged            |    23 |    10 |     2 ||    35
Block: Shield            |    36 |    30 |     7 ||    73
       Rpst.: Long sword |     4 |     5 |     1 ||    10
